Map: Site Delta LE

Players

Harstem

  • Race: Protoss Protoss
  • League: Master
  • Spawn Location: 5:00

VITSolar (Solar) - Winner!

  • Race: Zerg Zerg
  • League: Master
  • Spawn Location: 11:00

Event: Bellum Gens Elite Stara Zagora 2024

VOD

Have the link to the VOD?

Description

Time

  • Played on: Sept. 7, 2024, 1:40 p.m.
  • Length: 19:00

All games in this series

Show
View Real Time Build Order
Export as new Build Order

Harstem Protoss 

Build Orders: 1 Gate Expand, Oracle Opening, Archon Immortal 

Get SALT Encoding   

  12  0:00  Probe  
  13  0:12  Probe  
  14  0:18  Pylon  
  14  0:24  Probe (Chrono Boost)  
  15  0:31  Assimilator  
  15  0:36  Probe (Chrono Boost)  
  16  0:45  Probe (Chrono Boost)  
  16  0:46  Gateway  
  17  0:51  Probe  
  18  1:03  Probe  
  19  1:15  Probe  
  20  1:23  Nexus  
  20  1:33  Cybernetics Core  
  20  1:35  Probe  
  20  1:39  Assimilator  
  21  1:47  Probe  
  21  1:50  Pylon  
  22  1:59  Probe (Chrono Boost)  
  23  2:06  Adept (Chrono Boost)  
  23  2:10  Warp Gate  
  23  2:12  Probe (Chrono Boost)  
  26  2:20  Probe (Chrono Boost), Stargate  
  27  2:26  Probe  
  28  2:31  Adept  
  28  2:36  Probe (Chrono Boost)  
  31  2:42  Probe (Chrono Boost)  
  32  2:48  Probe (Chrono Boost)  
  34  2:53  Probe x2 (Chrono Boost)  
  35  3:02  Probe  
  35  3:03  Probe  
  35  3:04  Oracle  
  40  3:14  Probe  
  40  3:15  Nexus  
  40  3:18  Probe  
  42  3:20  Pylon  
  42  3:26  Probe  
  43  3:30  Gateway, Probe  
  44  3:38  Probe  
  44  3:40  Twilight Council  
  44  3:42  Probe  
  45  3:50  Probe  
  45  3:51  Assimilator  
  45  3:53  Pylon  
  45  3:54  Probe  
  47  3:57  Stalker  
  49  4:03  Probe  
  49  4:06  Probe  
  49  4:08  Pylon  
  49  4:09  Gateway  
  49  4:11  Gateway  
  49  4:15  Probe  
  48  4:18  Probe  
  49  4:24  Adept  
  49  4:25  Resonating Glaives (Chrono Boost), Adept  
  49  4:27  Probe x2  
  49  4:30  Probe  
  56  4:39  Probe x2  
  56  4:40  Pylon  
  56  4:43  Probe  
  59  4:48  Adept x2  
  59  4:51  Probe x2  
  64  4:55  Probe  
  64  4:57  Pylon  
  65  5:00  Shield Battery  
  65  5:03  Probe x2  
  67  5:08  Probe  
  67  5:10  Adept x4  
  74  5:15  Probe  
  74  5:17  Probe  
  74  5:20  Probe  
  75  5:26  Shield Battery  
  75  5:27  Probe  
  76  5:29  Probe  
  76  5:30  Adept x4  
  76  5:32  Probe  
  86  5:36  Forge  
  86  5:37  Robotics Facility  
  86  5:41  Probe  
  87  5:43  Probe  
  87  5:44  Assimilator  
  87  5:46  Charge, Pylon  
  87  5:47  Assimilator  
  88  5:51  Zealot, Sentry  
  90  6:03  Probe  
  89  6:05  Protoss Ground Weapons Level 1 (Chrono Boost)  
  89  6:07  Adept x2  
  89  6:09  Probe  
  89  6:10  Probe  
  87  6:14  Gateway  
  87  6:15  Probe  
  87  6:17  Gateway  
  78  6:21  Probe  
  78  6:23  Gateway  
  79  6:26  Templar Archives  
  79  6:27  Zealot x4  
  87  6:32  Gateway  
  87  6:33  Gateway  
  87  6:34  Probe  
  87  6:38  Pylon  
  88  6:45  Cybernetics Core, Probe  
  84  6:47  Sentry  
  84  6:48  Shield Battery, Sentry  
  84  6:49  Stalker  
  84  6:53  Adept  
  90  6:57  Probe  
  90  6:58  Probe  
  86  7:05  Warp Prism (Chrono Boost)  
  86  7:09  Probe  
  86  7:10  Assimilator  
  86  7:14  Nexus  
  89  7:20  High Templar x2  
  93  7:24  Archon, Pylon  
  87  7:38  Zealot x6  
  87  7:40  Probe  
  91  7:46  Zealot  
  91  7:48  Probe  
  94  7:55  Pylon  
  94  7:58  Immortal (Chrono Boost)  
  94  8:08  Zealot x4  
  94  8:12  Pylon  
  99  8:15  Sentry x2  
  99  8:16  Shield Battery  
  99  8:19  High Templar x2  
  107  8:20  Probe  
  107  8:24  Pylon  
  107  8:25  Archon  
  108  8:28  Immortal (Chrono Boost)  
  112  8:40  Protoss Ground Weapons Level 2 (Chrono Boost)  
  112  8:49  Probe  
  112  8:50  Probe  
  112  8:52  Zealot x2  
  112  8:53  Zealot x3, Nexus  
  124  8:56  Pylon  
  122  9:06  Zealot x2  
  122  9:07  Zealot x2, Psionic Storm  
  122  9:08  Immortal (Chrono Boost)  
  126  9:21  High Templar x3  
  132  9:27  Archon  
  132  9:30  Pylon  
  131  9:32  Stalker x4  
  135  9:41  Zealot x2  
  124  9:48  Immortal (Chrono Boost)  
  99  9:56  Zealot x3  
  81  10:07  Zealot x3  
Show
View Real Time Build Order
Export as new Build Order

VITSolar Zerg - Winner!

Build Orders: Hatch First 

Get SALT Encoding   

  12  0:00  Drone  
  13  0:12  Overlord  
  13  0:17  Drone  
  14  0:30  Drone  
  14  0:31  Drone  
  16  0:49  Hatchery  
  15  0:52  Drone  
  15  0:55  Drone  
  17  0:58  Drone  
  17  1:02  Extractor  
  17  1:13  Spawning Pool  
  17  1:17  Drone  
  17  1:20  Drone  
  18  1:28  Drone  
  19  1:39  Drone  
  20  1:50  Overlord  
  20  2:00  Queen x2  
  24  2:02  Metabolic Boost  
  24  2:04  Zergling x2  
  24  2:08  Drone  
  26  2:11  Drone  
  26  2:12  Zergling x2  
  28  2:22  Drone  
  29  2:23  Drone  
  30  2:36  Hatchery  
  29  2:37  Drone  
  29  2:42  Queen  
  32  2:46  Overlord  
  32  2:49  Drone  
  33  2:51  Drone  
  33  2:55  Zergling x4  
  36  3:05  Zergling x4  
  38  3:07  Queen  
  38  3:09  Zergling x2  
  38  3:11  Drone  
  38  3:12  Zergling x2  
  43  3:16  Overlord  
  43  3:18  Drone  
  44  3:34  Queen  
  44  3:35  Drone x2  
  44  3:40  Drone x2  
  49  3:42  Drone x3  
  49  3:47  Queen  
  52  3:50  Queen  
  52  3:52  Drone x2  
  52  3:54  Drone  
  57  3:57  Spore Crawler  
  57  4:01  Overlord  
  57  4:02  Drone  
  56  4:07  Drone x2  
  57  4:14  Overlord  
  57  4:17  Overlord  
  57  4:20  Drone x6  
  57  4:23  Drone  
  64  4:24  Spore Crawler  
  64  4:27  Drone x2  
  64  4:31  Overlord  
  65  4:34  Zergling x4  
  65  4:37  Zergling x2  
  68  4:40  Evolution Chamber  
  68  4:42  Drone x2  
  69  4:45  Drone  
  69  4:49  Overlord  
  69  4:50  Drone  
  69  4:51  Drone  
  72  4:53  Zergling x10  
  72  4:59  Drone x3  
  80  5:02  Extractor  
  80  5:06  Zergling x4  
  81  5:09  Hatchery  
  81  5:12  Zerg Melee Weapons Level 1  
  78  5:14  Zergling x2  
  78  5:15  Zergling x4  
  78  5:18  Baneling Nest  
  78  5:19  Zergling x6  
  78  5:20  Zergling x4  
  82  5:28  Overlord  
  82  5:29  Zergling x12  
  82  5:34  Zergling x4  
  90  5:37  Extractor  
  90  5:41  Zergling x6  
  92  5:48  Zergling x6  
  95  5:51  Zergling x4  
  94  5:58  Zergling x2  
  94  5:59  Zergling x6  
  87  6:05  Baneling x9  
  87  6:07  Zergling x12  
  90  6:12  Baneling x2  
  90  6:16  Baneling  
  90  6:17  Zergling x10  
  93  6:20  Drone  
  93  6:22  Drone, Queen  
  93  6:23  Roach Warren  
  94  6:27  Drone x4  
  94  6:32  Lair  
  98  6:33  Drone x3  
  98  6:39  Overlord  
  100  6:40  Zergling x4  
  100  6:43  Extractor  
  100  6:45  Zergling x8  
  99  6:47  Extractor  
  99  6:48  Drone  
  99  6:51  Drone  
  99  6:53  Drone  
  97  6:58  Zergling x8  
  97  7:00  Drone  
  95  7:02  Roach x4  
  95  7:06  Roach x2  
  101  7:11  Drone  
  101  7:13  Drone  
  101  7:15  Drone, Overlord  
  103  7:16  Drone x2  
  103  7:17  Drone  
  107  7:24  Drone x2  
  107  7:25  Roach x3  
  107  7:28  Roach x2  
  119  7:34  Roach x2  
  119  7:35  Zergling x2  
  119  7:36  Zergling x2, Glial Reconstitution  
  120  7:37  Zerg Melee Weapons Level 2  
  120  7:41  Centrifugal Hooks, Zergling x2  
  120  7:42  Zergling x10  
  123  7:46  Overlord  
  123  7:47  Overlord  
  123  7:49  Roach x2  
  127  8:01  Roach x2  
  127  8:05  Zergling x18  
  136  8:09  Roach x2  
  139  8:17  Zergling x10  
  144  8:20  Overlord  
  144  8:26  Overlord x4  
  142  8:38  Zergling x8, Overlord  
  142  8:39  Zergling x8  
  150  8:45  Zergling x2  
  150  8:46  Zergling x12  
  150  8:47  Baneling x6  
  150  8:48  Baneling  
  157  8:50  Zergling x4  
  157  8:51  Baneling  
  157  8:52  Baneling x10  
  158  8:56  Roach x3  
  158  9:01  Zergling x2  
  158  9:02  Zergling x10  
  167  9:04  Zergling x2  
  167  9:10  Roach x3  
  167  9:12  Ravager  
  167  9:13  Zergling x4  
  176  9:19  Baneling x3  
  176  9:20  Baneling x3  
  176  9:22  Zergling x16  
  177  9:32  Zergling x14  
  177  9:37  Roach x2  
  179  9:44  Roach x3  
  163  9:47  Zergling x12  
  163  9:50  Roach  
  165  9:55  Roach x5  
  172  10:04  Roach x4  
  172  10:07  Queen  
  164  10:11  Zergling x6  
Tags
 
Add a new tag
Caveats
  • Supply blocks, unpowered buildings, or Contaminate may cause inaccurate times.
  • Supply counts are checked every 10 seconds.